 Dungeon Crawl Stone Soup version 0.22-a0-533-g4d20840 (webtiles) character file.

2473 Amnesiac the Nimble (level 9, -11/43 HPs)
             Began as a Spriggan Berserker on June 22, 2018.
             Was an Elder of Trog.
             Mangled by a two-headed ogre
             ... wielding a +0 giant spiked club
              (26 damage)
             ... on level 7 of the Dungeon.
             The game lasted 00:16:27 (8101 turns).

Amnesiac the Nimble (Spriggan Berserker)            Turns: 8101, Time: 00:16:27

Health: -11/43     AC:  6    Str: 16    XL:     9   Next: 26%
Magic:  15/15      EV: 23    Int:  9    God:    Trog [****..]
Gold:   618        SH:  7    Dex: 15    Spells: 8/8 levels left

rFire    + + .     SeeInvis +   a - +0 short sword
rCold    + . .     Gourm    .   s - +0 buckler
rNeg     . . .     Faith    .   l - +2 robe {rC+ rF+}
rPois    .         Spirit   .   (helmet restricted)
rElec    .         Reflect  .   k - +1 cloak
rCorr    .         Harm     .   (gloves unavailable)
MR       +....                  (boots unavailable)
Stlth    +.........             D - amulet of regeneration
HPRegen  0.54/turn              m - ring of protection from fire
MPRegen  0.14/turn              (no ring)

@: very quick
A: very small, unfitting armour, see invisible, herbivore, speed 3, slow
metabolism 2
a: Berserk, Trog's Hand, Brothers in Arms, Renounce Religion


You were on level 7 of the Dungeon.
You worshipped Trog.
Trog was greatly pleased with you.
You were not hungry.

You visited 2 branches of the dungeon, and saw 8 of its levels.
You also visited: Ossuary.

You collected 618 gold pieces.

Inventory:

Hand Weapons
 a - a +0 short sword (weapon)
 p - a +0 hunting sling
 E - a +1 falchion of holy wrath
Missiles
 o - 250 stones (quivered)
 t - 3 tomahawks of returning
 u - 20 sling bullets
 x - 10 poisoned needles
 C - 4 tomahawks
Armour
 k - a +1 cloak (worn)
 l - a +2 robe of resistance (worn)
 s - a +0 buckler (worn)
Jewellery
 m - a ring of protection from fire (left hand)
 D - an amulet of regeneration (around neck)
Wands
 F - a wand of polymorph (2)
Scrolls
 b - a scroll of random uselessness {!r, unknown}
 f - 3 scrolls of fear {!r}
 h - 3 scrolls of magic mapping {!r}
 i - 3 scrolls of remove curse {!r}
 r - 2 scrolls of fog {!r}
 G - a scroll of enchant weapon {!r}
Potions
 d - a potion of degeneration {!q, unknown}
 e - 7 potions of curing {!q}
 g - a potion of flight {!q}
 j - 2 potions of magic {!q}
 n - 2 potions of berserk rage {!q}
 q - a potion of cancellation {!q}
 w - 3 potions of might {!q}
 z - 5 potions of haste {!q, unknown}
 A - a potion of resistance {!q}
 B - 3 potions of ambrosia {!q}
 I - a potion of lignification {!q}
 J - a potion of heal wounds {!q}
 K - a potion of agility {!q, unknown}
Comestibles
 c - 4 rations


   Skills:
 - Level 2.4 Fighting
 - Level 8.0 Short Blades
 - Level 1.4(1.8) Slings
 - Level 1.2(1.4) Throwing
 - Level 8.0 Dodging
 * Level 5.7 Shields
 + Level 6.7 Evocations


You had 8 spell levels left.
You didn't know any spells.
Your spell library was empty.

Dungeon Overview and Level Annotations

Branches:
Dungeon (7/15)             Temple (1/1) D:6

Altars:
Ashenzari
Cheibriados
Dithmenos
Elyvilon
Gozag
Hepliaklqana
Kikubaaqudgha
Makhleb
Nemelex Xobeh
Okawaru
Ru
Sif Muna
Uskayaw
Vehumet
Wu Jian
Xom
Yredelemnul
Zin
The Shining One


Innate Abilities, Weirdness & Mutations

You are very small and have problems with some larger weapons.
You are too small for most types of armour.
You have supernaturally acute eyesight. (SInv)
You are a herbivore.
You cover ground extremely quickly.
You need to consume almost no food.


Message History

No target in view!
Things that are here:
an uncursed shortbow of freezing; 31 arrows No target in view!
B - 3 potions of ambrosia {!q} (gained 1) No target in view!
No target in view!
You open the door.
Found an ornate altar of the Wu Jian Council.
You now have 618 gold pieces (gained 6).
Magic restored.
There is an open door here.
You open the door.
A two-headed ogre comes into view. It is wielding two giant spiked clubs.
Found a ring mail.
There is an open door here.
A two-headed ogre is nearby!
A two-headed ogre is nearby!
The two-headed ogre shouts in stereo!
You fail to use your ability.
An adder comes into view.
You fail to use your ability.
The adder hisses angrily.
You swing at nothing.
You swing at nothing.
You barely miss the adder. The adder closely misses you.
You fail to use your ability.
The adder misses you.
You fail to use your ability.
You block the adder's attack.
You fail to use your ability.
You fail to use your ability.
Things that are here:
an uncursed shortbow of freezing; 31 arrows Your ogre goes berserk!
You feel somewhat more hungry.
You swing at nothing.
You barely miss the adder.
You hit the two-headed ogre but do no damage.
The adder bites your ogre.
You hit the two-headed ogre.
The two-headed ogre is lightly wounded.
The adder bites your ogre.
You hit the two-headed ogre.
The two-headed ogre is lightly wounded.
The two-headed ogre hits you with a giant spiked club!!
Ouch! That really hurt!
* * * LOW HITPOINT WARNING * * *
The two-headed ogre closely misses you. The adder bites your ogre.
Your ogre is poisoned.
The adder poisons your ogre! What are your orders? t - Shout!
Orders for allies: a - Attack new target. r - Retreat! s - Stop attacking. g - Guard the area. f - Follow me.
Anything else - Cancel.
Gang up on whom?
Press: ? - help, Dir - move target cursor, f - two-headed ogre
Aim: a two-headed ogre, wielding two giant spiked clubs (lightly wounded) Attack!
The adder barely misses your ogre.
You barely miss the two-headed ogre.
The two-headed ogre is lightly wounded.
The two-headed ogre hits you with a giant spiked club!!
Ouch! That really hurt!
You die...

#. #..###.###......###
#.###..###_..'.....##..
l.....###.###.+#####..
..l...# #.# #.....##.> ..
#...###'###.....#### ...
#...............##..
....#....O..........#...
....#...OS..........#...
....'..@###+##########'#
....#...##....##..####..
#### ##..##..............
###...###..##..............
.................##..##.##.
.................##..##.###
..........†##....##........
.##........##....##........
#...####.##....##..##.##.


You could see a two-headed ogre, an iguana, an adder and a friendly ogre
(berserk).

Vanquished Creatures
  Grinder (D:5)
  A hippogriff (D:5)
  Sigmund (D:5)
  2 slaves (D:6)
  3 ogres
  A phantom (D:7)
  A black bear (D:6)
  A centaur (D:7)
  2 crocodiles (D:6)
  A big kobold (D:7)
  2 scorpions
  2 crimson imps (D:5)
  6 jellies
  The ghost of iamserjio the Ruffian, a weakling VSSk (D:3)
  A quasit (D:6)
  Crazy Yiuf (D:2)
  A centaur zombie (D:3)
  A hound (D:5)
  A centaur skeleton (D:4)
  Natasha (thrice) (D:2)
  3 worker ants
  A hound skeleton (D:3)
  9 mummies
  3 gnolls (D:6)
  7 adders
  A shadow imp (D:5)
  8 oozes
  An adder zombie (D:3)
  3 worms
  3 leopard geckos
  5 orcs
  4 ball pythons
  A giant cockroach (D:5)
  13 goblins
  7 hobgoblins
  9 jackals
  13 kobolds
  2 quokkas
  4 bats
  8 frilled lizards
  A goblin zombie (D:7)
  3 hobgoblin zombies (Ossuary)
  3 kobold zombies
  3 orc zombies (Ossuary)
  A quokka skeleton (D:2)
  A quokka zombie (D:5)
  3 rats
153 creatures vanquished.

Vanquished Creatures (collateral kills)
  A hornet (D:7)
  A bullfrog skeleton (D:7)
2 creatures vanquished.

Vanquished Creatures (others)
  A fungus (D:2)
  5 toadstools (D:2)
6 creatures vanquished.

Grand Total: 161 creatures vanquished

Notes
Turn   | Place    | Note
-------+----------+-------------------------------------------
     0 | D:1      | Amnesiac the Spriggan Berserker began the quest for the Orb.
     0 | D:1      | Reached XP level 1. HP: 11/11 MP: 2/2
   351 | D:1      | Reached XP level 2. HP: 12/16 MP: 3/3
   754 | D:2      | Noticed Natasha
   774 | D:2      | Killed Natasha
   774 | D:2      | Reached skill level 5 in Dodging
   774 | D:2      | Reached XP level 3. HP: 16/19 MP: 4/4
   910 | D:2      | Found a runed door.
   973 | D:2      | Noticed Crazy Yiuf
   980 | D:2      | Killed Crazy Yiuf
   980 | D:2      | Reached XP level 4. HP: 23/23 MP: 5/5
  1107 | D:2      | Reached skill level 5 in Short Blades
  1360 | D:2      | Reached ** piety under Trog
  1385 | D:2      | Noticed Natasha
  1394 | D:2      | Killed Natasha
  1568 | D:2      | Noticed Natasha
  1639 | D:2      | Killed Natasha
  1639 | D:2      | Reached XP level 5. HP: 27/27 MP: 6/6
  2383 | D:2      | Reached skill level 1 in Shields
  2383 | D:2      | Reached XP level 6. HP: 24/32 MP: 7/7
  2570 | D:3      | Found a shattered altar of Ashenzari.
  2754 | D:3      | Found a runed gate.
  2755 | D:3      | Found a runed gate.
  2758 | D:3      | Found a runed gate.
  2759 | D:3      | Noticed iamserjio's ghost (weakling VSSk)
  2879 | D:3      | Killed iamserjio's ghost
  3347 | D:3      | Reached *** piety under Trog
  3553 | D:4      | Found a hazy altar of Hepliaklqana.
  3625 | D:4      | Reached XP level 7. HP: 17/35 MP: 7/10
  4217 | D:4      | Found a snail-covered altar of Cheibriados.
  4396 | D:5      | Entered Level 5 of the Dungeon
  4459 | D:5      | Noticed Grinder
  4467 | D:4      | Reached skill level 1 in Slings
  4467 | D:4      | Reached skill level 1 in Throwing
  4742 | D:5      | Killed Grinder
  4978 | D:5      | Found an iron altar of Okawaru.
  4978 | D:5      | Found an opulent altar of Gozag.
  5067 | D:5      | Reached XP level 8. HP: 39/39 MP: 12/12
  5102 | D:5      | Noticed Sigmund
  5126 | D:5      | Killed Sigmund
  6184 | D:6      | Found a staircase to the Ecumenical Temple.
  6200 | Temple   | Entered the Ecumenical Temple
  6663 | D:6      | Noticed Edmund
  6665 | D:6      | Noticed Edmund
  6665 | D:6      | Edmund changed into Edmund the crocodile
  6689 | D:6      | Killed Edmund the crocodile
  6689 | D:6      | Reached skill level 5 in Evocations
  6848 | D:7      | Noticed Pikel
  6859 | D:7      | Noticed Pikel
  6859 | D:7      | Pikel changed into Pikel the crocodile
  6959 | D:6      | Killed Pikel the crocodile
  7127 | D:7      | Reached **** piety under Trog
  7138 | D:7      | Found a sand-covered staircase.
  7153 | Ossuary  | Entered an ossuary
  7487 | D:7      | Noticed a hippogriff
  7558 | D:5      | Killed a hippogriff
  7558 | D:5      | Reached skill level 5 in Shields
  7558 | D:5      | Reached XP level 9. HP: 25/43 MP: 14/14
  8059 | D:7      | Found an ornate altar of the Wu Jian Council.
  8069 | D:7      | Noticed a two-headed ogre
  8101 | D:7      | Mangled by a two-headed ogre

Vault maps used:
D:1:      dpeg_arrival_three_same_balls, minmay_tetromino_i2
D:2:      cheibrodos_fertilizer, kennysheep_cross_room, uniq_natasha,
          uniq_crazy_yiuf_cottage
D:3:      old_standard_altar, gammafunk_ghost_necromancy
D:4:      kennysheep_the_goblin_king, lemuel_round_altar,
          nicolae_overflow_crystal_walls, first_ration
D:5:      gammafunk_temple_overflow_wave, st_stairs_6, uniq_grinder,
          uniq_sigmund
D:6:      minmay_temple_entry_glassed_door, uniq_edmund
D:7:      lemuel_doored_altar, nicolae_ossuary_entry_giza, serial_shops, shop,
          kennysheep_generic_room_16, uniq_pikel
Temple:   nicolae_temple_god_jail
Ossuary:  ossuary_tomb_3

Skill      XL: |  1  2  3  4  5  6  7  8  9 |
---------------+----------------------------+-----
Short Blades   | 4 5 6 7 8 |  8.0
Dodging        | 5 6 7 8 |  8.0
Shields        | 1 2 5 |  5.7
Evocations     | 3 4 5 6 |  6.7
Slings         | 1 |  1.4
Throwing       | 1 |  1.2
Fighting       | |  2.4

Action                   |  1- 3 |  4- 6 |  7- 9 || total
-------------------------+-------+-------+-------++-------
Melee: Short sword       |    48 |   337 |   638 ||  1023
Invok: Berserk           |     2 |     3 |       ||     5
       Brothers in Arms  |       |       |     2 ||     2
Evoke: Wand              |       |    14 |    41 ||    55
  Use: Scroll            |       |     7 |    11 ||    18
       Potion            |       |     3 |       ||     3
 Stab: Sleeping          |     1 |     1 |     4 ||     6
       Distracted        |       |       |     2 ||     2
  Eat: Ration            |       |     3 |     3 ||     6
Armor: Animal skin       |     1 |    26 |    29 ||    56
       Robe              |       |       |    17 ||    17
Dodge: Dodged            |    38 |   219 |   373 ||   630
Block: Buckler           |       |    43 |   154 ||   197

Table legend:
 A = Spawn XP
 B = Non-spawn XP
 C = Spawn XP percentage of total XP
 D = Spawn monster count
 E = Non-spawn monster count
 F = Spawn count percentage of total count
 G = Total turns spent on level
                    A         B        C        D         E        F      G
               +---------+---------+-------+---------+---------+-------+---------
         Total |       0 |    3533 |   0.0 |       0 |     153 |   0.0 |  8101
               +---------+---------+-------+---------+---------+-------+---------
           D:1 |       0 |      27 |   0.0 |       0 |       9 |   0.0 |   998
           D:2 |       0 |     401 |   0.0 |       0 |      44 |   0.0 |  1458
           D:3 |       0 |     180 |   0.0 |       0 |      27 |   0.0 |  1065
           D:4 |       0 |     328 |   0.0 |       0 |      15 |   0.0 |  1172
           D:5 |       0 |    1314 |   0.0 |       0 |      21 |   0.0 |  1299
           D:6 |       0 |     571 |   0.0 |       0 |      11 |   0.0 |  1210
           D:7 |       0 |     560 |   0.0 |       0 |      10 |   0.0 |   528
       Ossuary |       0 |     152 |   0.0 |       0 |      16 |   0.0 |   318
               +---------+---------+-------+---------+---------+-------+---------
